 Dungeon Crawl Stone Soup version 0.31.0-1-g2c135a008e (webtiles) character file.

Game seed: 9214745402401782885

338 qw the Shooter (level 6, -3/47 HPs)
             Began as a Djinni Hunter on Jan 24, 2024.
             Slain by a scorpion (6 damage)
             ... on level 4 of the Dungeon.
             The game lasted 00:00:10 (2646 turns).

qw the Shooter (Djinni Hunter)                      Turns: 2646, Time: 00:00:11

Health: -3/47      AC:  7    Str: 10    XL:     6   Next: 86%
Gold:   154        EV:  8    Int: 10    God:
                   SH:  0    Dex: 19

rFire   + + .        a - +1 shortbow
rCold   x . .        (shield currently unavailable)
rNeg    . . .        d - +0 ring mail
rPois   inf          g - +1 helmet
rElec   .            (no cloak)
rCorr   .            (no gloves)
SInv    .            (boots unavailable)
Will    .....        (no amulet)
Stlth   +            (no ring)
HPRegen 0.27/turn    (no ring)
MPRegen 0.00/turn

%: infuse magic (-4 HP)
@: flying, constricted
A: sickness immunity, fire resistance 2, cold vulnerability 1, float, innate
caster, HP casting, extra vitality 1
a: no special abilities


You were on level 4 of the Dungeon.
You visited 1 branch of the dungeon, and saw 4 of its levels.

You collected 154 gold pieces.


Innate Abilities, Weirdness & Mutations

You are immune to sickness and miasma.
You are immune to poison.
Your flesh is very heat resistant. (rF++)
You are vulnerable to cold. (rC-)
You float through the air rather than walking.
You learn spells naturally, not from books.
Your magical power is your life essence.
You have superior vitality. (+4 MHP)


   Skills:
 - Level 4.1 Fighting
 + Level 5.1 Ranged Weapons
 - Level 1.0 Armour
 - Level 3.0 Dodging
 - Level 0.7 Stealth


You knew the following spells:

 Your Spells              Type           Power      Damage    Failure   Level
a - Kiss of Death         Conj/Necr      0%         2d5       67%         1
b - Lesser Beckoning      Tloc           0%         N/A       82%         2
Your spell library was empty.

Inventory:

Hand Weapons
 a - a +1 shortbow (weapon)
Armour
 d - a +0 ring mail (worn)
 g - a +1 helmet (worn)
Potions
 e - a potion of haste

Dungeon Overview and Level Annotations

Branches:
Dungeon (4/15)
 Temple: D:4-7

Altars:
Trog


Message History

The gnoll hits you with a +0 flail.
2638 ||| READING scroll of teleportation.
As you read the scroll of teleportation, it crumbles to dust.
You feel strangely unstable. The gnoll closely misses you.
You shoot an arrow. The arrow closely misses the gnoll.
The gnoll hits you but does no damage. The gnoll closely misses you.
You shoot an arrow. The arrow hits the gnoll.
The gnoll is severely wounded.
The gnoll closely misses you.
You shoot an arrow. The arrow hits the gnoll.
The gnoll is almost dead.
Your surroundings suddenly seem different.
A ball python and a scorpion come into view.
Found a sedimented blue potion.
The scorpion stings you but does no damage. x2
You shoot an arrow. The arrow hits the scorpion.
The scorpion is lightly wounded.
The scorpion stings you.
You shoot an arrow. The arrow closely misses the scorpion.
The scorpion stings you but does no damage.
The scorpion barely misses you.
You shoot an arrow.
The arrow hits the scorpion but does no damage.
The scorpion is lightly wounded.
The scorpion stings you but does no damage.
The ball python bites you. The ball python grabs you.
The ball python constricts you.
You shoot an arrow.
The arrow closely misses the ball python.
The scorpion stings you.
The ball python bites you but does no damage.
The ball python constricts you.
The scorpion stings you but does no damage.
The ball python bites you. The ball python constricts you.
You shoot an arrow.
The arrow closely misses the ball python.
The scorpion barely misses you. The ball python completely misses you.
The ball python constricts you. The scorpion stings you.
You die...

#....#
#....#
+....####
#.......
#.....#
#.....###'
#.sS......
#.@.......
#.........
#....!....
#.........
.##+#####.
.. .. ...


You could see a scorpion and a ball python.

Vanquished Creatures
  An ogre (D:3)
  Blork the orc (D:4)
  An orc priest (D:3)
  An orc wizard (D:3)
  Robin (D:2)
  A gnoll (D:2)
  5 adders
  A ribbon worm (D:2)
  5 orcs (D:3)
  3 bats
  4 endoplasms
  A giant cockroach (D:2)
  6 hobgoblins
  4 jackals (D:2)
  2 quokkas
  5 ball pythons
  5 frilled lizards
  11 goblins
  4 kobolds
  7 rats
69 creatures vanquished.

Notes
Turn   | Place    | Note
-------+----------+-------------------------------------------
     0 | D:1      | qw the Djinni Hunter began the quest for the Orb.
     0 | D:1      | Reached XP level 1. HP: 18/18 MP: 0/0
     0 | D:1      | 0 ||| qw: Version: 0.3-a-136-gdd3b4e8
     0 | D:1      | 0 ||| qw: Game counter: 1361
     0 | D:1      | 0 ||| qw: Melee chars always use a shield: true
     0 | D:1      | 0 ||| qw: God list: Okawaru
     0 | D:1      | 0 ||| qw: Allow faded altars: false
     0 | D:1      | 0 ||| qw: Do Orc after clearing Dungeon:15 true
     0 | D:1      | 0 ||| qw: Do second Lair branch before Depths: true
     0 | D:1      | 0 ||| qw: Lair rune preference: random
     0 | D:1      | 0 ||| qw: Goals: Normal
     0 | D:1      | 0 ||| PLANNING D:1-11
   192 | D:1      | Reached XP level 2. HP: 23/23 MP: 0/0
   492 | D:1      | Reached XP level 3. HP: 28/28 MP: 0/0
   492 | D:1      | Learned a level 1 spell: Kiss of Death
   495 | D:1      | Reached skill level 4 in Ranged Weapons
   710 | D:1      | 710 ||| UPGRADING to +0 ring mail.
   720 | D:1      | 720 ||| DROPPING +0 leather armour.
   721 | D:1      | 721 ||| READING scroll labelled KEUDAG KINI.
   721 | D:1      | 721 ||| IDENTIFYING white potion
   722 | D:1      | 722 ||| READING scroll labelled KAGOES LOEPLAB.
   722 | D:1      | 722 ||| ENCHANTING +0 shortbow.
   723 | D:1      | 723 ||| DROPPING scroll of butterflies.
   791 | D:2      | Reached skill level 1 in Armour
   980 | D:2      | Reached XP level 4. HP: 30/34 MP: 0/0
  1006 | D:2      | 1006 ||| FLEEEEING.
  1023 | D:2      | 1023 ||| FLEEEEING.
  1117 | D:2      | Found a faded altar of an unknown god.
  1124 | D:2      | Noticed Robin
  1137 | D:2      | Killed Robin
  1138 | D:2      | Reached skill level 3 in Fighting
  1350 | D:2      | Reached XP level 5. HP: 40/40 MP: 0/0
  1350 | D:2      | Learned a level 2 spell: Lesser Beckoning
  1457 | D:2      | 1457 ||| UPGRADING to +0 helmet.
  1462 | D:2      | 1462 ||| READING 4 scrolls of identify.
  1462 | D:2      | 1462 ||| IDENTIFYING scroll labelled DOIMPO YTTENK
  1463 | D:2      | 1463 ||| READING 3 scrolls of identify.
  1463 | D:2      | 1463 ||| IDENTIFYING scroll labelled BEFYOL UQESCH
  1464 | D:2      | 1464 ||| READING scroll of enchant armour.
  1464 | D:2      | 1464 ||| ENCHANTING +0 helmet.
  1465 | D:2      | 1465 ||| READING 2 scrolls of identify.
  1465 | D:2      | 1465 ||| IDENTIFYING 2 scrolls labelled VIAMPA DIGAHA
  1466 | D:2      | 1466 ||| DROPPING scroll of noise.
  1490 | D:3      | Found a bloodstained altar of Trog.
  1716 | D:3      | HP: 10/40 [orc priest/+0 flail (9)]
  1717 | D:3      | 1717 ||| READING 2 scrolls of teleportation.
  1831 | D:3      | Noticed an ogre
  1838 | D:3      | Killed an ogre
  1839 | D:3      | Reached skill level 5 in Ranged Weapons
  1839 | D:3      | Reached XP level 6. HP: 43/46 MP: 0/0
  1934 | D:3      | Reached skill level 3 in Dodging
  1934 | D:3      | 1934 ||| FLEEEEING.
  1935 | D:3      | 1935 ||| FLEEEEING.
  1936 | D:3      | 1936 ||| FLEEEEING.
  1937 | D:3      | 1937 ||| FLEEEEING.
  1938 | D:3      | 1938 ||| FLEEEEING.
  1939 | D:3      | 1939 ||| STAIRDANCE
  1972 | D:2      | 1972 ||| READING 2 scrolls of identify.
  1972 | D:2      | 1972 ||| IDENTIFYING purple potion
  1973 | D:2      | 1973 ||| DROPPING potion of ambrosia.
  2562 | D:3      | 2562 ||| READING scroll of identify.
  2562 | D:3      | 2562 ||| IDENTIFYING scroll labelled UMOUWOXEGU
  2563 | D:3      | 2563 ||| DROPPING scroll of fog.
  2623 | D:4      | Noticed Blork the orc
  2634 | D:4      | Killed Blork the orc
  2637 | D:4      | HP: 11/47 [gnoll/+0 flail[a gnoll bouda] (3)]
  2638 | D:4      | 2638 ||| READING scroll of teleportation.
  2642 | D:4      | HP: 10/47 [scorpion (2)]
  2645 | D:4      | HP: 4/47 [constriction (1)]
  2646 | D:4      | Slain by a scorpion

Levels and vault maps discovered:
D:1:      amcnicky_arrival_abandoned_market, layout_basic
D:2:      layout_loops_cross, basic_ecumenical_altar, minmay_pentomino_t2,
          uniq_robin
D:3:      layout_basic, mainiacjoe_overflow_alcove_1, roderic_roman_lattice
D:4:      layout_basic, mainiacjoe_overflow_chevrons, serial_shops,
          nicolae_shop_just_a_little_nook, gammafunk_ghost_abyssal_escape,
          minmay_quantized, uniq_blork_the_orc

Skill      XL: |  1  2  3  4  5  6 |
---------------+-------------------+-----
Ranged Weapons | 4 5 |  5.1
Armour         | 1 |  1.0
Fighting       | 3 4 |  4.1
Dodging        | 3 |  3.0
Stealth        | |  0.7

Action                     |  1- 3 |  4- 6 || total
---------------------------+-------+-------++-------
   Fire: Shortbow          |    85 |   160 ||   245
    Use: Scroll            |     2 |     8 ||    10
 Armour: Leather armour    |    10 |       ||    10
         Ring mail         |    22 |    78 ||   100
  Dodge: Dodged            |    35 |    99 ||   134

Table legend:
 A = Non-vault XP
 B = Vault XP
 C = Vault XP percentage of total XP
 D = Non-vault monster count
 E = Vault monster count
 F = Vault count percentage of total count
                 A         B        C        D         E       F
            +---------+---------+-------+---------+---------+-------
      Total |     347 |     137 |  28.3 |      58 |      11 |  15.9
            +---------+---------+-------+---------+---------+-------
        D:1 |      31 |       0 |   0.0 |      20 |       0 |   0.0
        D:2 |      68 |      43 |  38.7 |      19 |      10 |  34.5
        D:3 |     248 |       0 |   0.0 |      19 |       0 |   0.0
        D:4 |       0 |      94 | 100.0 |       0 |       1 | 100.0
            +---------+---------+-------+---------+---------+-------
